 Dungeon Crawl Stone Soup version 0.28.0-53-g5a82cb258f (webtiles) character file.

Game seed: 7524284133896510367

9333 Riddle the Blocker (level 11, -3/89 HPs)
             Began as a Gnoll Fighter on June 30, 2022.
             Was a Believer of Ru.
             Shot with a bolt by an orc warrior (21 damage)
             ... on level 2 of the Orcish Mines.
             The game lasted 00:19:18 (14653 turns).

Riddle the Blocker (Gnoll Fighter)                 Turns: 14653, Time: 00:19:18

Health: -3/89      AC: 15    Str: 21    XL:     11   Next: 44%
Magic:  20/20      EV: 10    Int:  4    God:    Ru [**....]
Gold:   628        SH:  7    Dex: 21    Spells: 22/22 levels left

rFire   . . .      SeeInvis .   H - +5 long sword of Vengeance {drain, rPois rN+ Str-2 Dex+8}
rCold   . . .      Faith    .   c - +0 buckler
rNeg    + + +      Spirit   .   h - +1 ring mail "Inirul" {rN+ rCorr Int-4}
rPois   +          Reflect  .   m - +4 helmet of the Wumpus {rN+ Str+3 Dex+2 Stlth+}
rElec   .          Harm     .   r - +1 cloak
rCorr   +          Rampage  .   (no gloves)
Will    .....                   (no boots)
Stlth   ..........              q - amulet of magic regeneration
HPRegen 0.24/turn               w - +4 ring of slaying
MPRegen 0.57/turn               G - +4 ring of slaying

@: mighty
A: fangs 1, no stealth, reduced EV 1, disrupted magic 1, strong nose,
distributed training
a: Renounce Religion


You were on level 2 of the Orcish Mines.
You worshipped Ru.
Ru was pleased with you.
You visited 3 branches of the dungeon, and saw 14 of its levels.
You also visited: Bailey.

You collected 628 gold pieces.

Inventory:

Hand Weapons
 a - a +3 dagger of venom
 t - a +3 war axe
 H - the +5 long sword of Vengeance (weapon) {drain, rPois rN+ Str-2 Dex+8}
   (You found it on level 9 of the Dungeon)

   A truly terrible weapon, it drains the life of any living foe it strikes.
   Str:       It affects your strength (-2).
   Dex:       It affects your dexterity (+8).
   rPois:     It protects you from poison.
   rN:        It protects you from negative energy.
 J - a +1 falchion of flaming
Missiles
 D - a throwing net (quivered)
Armour
 c - a +0 buckler (worn)
 h - the +1 ring mail "Inirul" (worn) {rN+ rCorr Int-4}
   (You found it on level 2 of the Dungeon)

   Int:       It affects your intelligence (-4).
   rN:        It protects you from negative energy.
   rCorr:     It protects you from acid and corrosion.
 m - the +4 helmet of the Wumpus (worn) {rN+ Str+3 Dex+2 Stlth+}
   (You acquired it on level 10 of the Dungeon)

   Str:       It affects your strength (+3).
   Dex:       It affects your dexterity (+2).
   rN:        It protects you from negative energy.
   Stlth:     It makes you more stealthy.
 r - a +1 cloak (worn)
Jewellery
 q - an amulet of magic regeneration (around neck)
 w - a +4 ring of slaying (left hand)
 A - a +6 ring of dexterity
 G - a +4 ring of slaying (right hand)
Wands
 F - a wand of digging (4)
 I - a wand of flame (2)
Scrolls
 j - 2 scrolls of vulnerability
 k - 6 scrolls of identify
 l - 2 scrolls of enchant armour
 y - a scroll of holy word {unknown}
Potions
 b - a potion of brilliance {unknown}
 e - 2 potions of heal wounds
 f - a potion of berserk rage
 i - 3 potions of flight
 n - a potion of mutation {unknown}
 o - 2 potions of magic
 p - 4 potions of curing
 u - a potion of cancellation {unknown}
 z - a potion of resistance {unknown}
 B - a potion of ambrosia {unknown}
 E - a potion of degeneration {unknown}
Miscellaneous
 v - a tin of tremorstones (2/2)
 x - a tin of tremorstones (2/2)


   Skills:
 + Level 9.2 Fighting
 + Level 6.3 Short Blades
 + Level 6.3 Long Blades
 + Level 7.9 Axes
 + Level 6.3 Maces & Flails
 + Level 6.3 Polearms
 + Level 6.3 Staves
 + Level 6.3 Slings
 + Level 6.3 Bows
 + Level 6.3 Crossbows
 + Level 6.3 Throwing
 + Level 9.2 Armour
 + Level 6.3 Dodging
   Level 0.0 Stealth
 + Level 9.2 Shields
 + Level 6.3 Unarmed Combat
 + Level 6.3 Spellcasting
 + Level 5.2 Conjurations
 + Level 5.2 Hexes
 + Level 5.2 Summonings
 + Level 5.2 Necromancy
 + Level 5.2 Translocations
 + Level 5.2 Transmutations
 + Level 5.2 Fire Magic
 + Level 5.2 Ice Magic
 + Level 5.2 Air Magic
 + Level 5.2 Earth Magic
 + Level 5.2 Poison Magic
 + Level 6.9 Invocations
 + Level 6.3 Evocations


You had 22 spell levels left.
You didn't know any spells.
Your spell library contained the following spells:

 Spells                   Type           Power      Damage    Failure   Level
 Magic Dart               Conj           20%        1d4       11%         1
 Searing Ray              Conj           10%        2d4       14%         2
 Dazzling Flash           Conj/Hex       10%        N/A       28%         3
 Fulminant Prism          Conj/Hex       2%         3d6       63%         4
 Iskenderun's Mystic Bla  Conj/Tloc      5%         2d3       63%         4
 Starburst                Conj/Fire      2%         6d3       100%        6


Dungeon Overview and Level Annotations

Branches:
Dungeon (11/15)            Temple (1/1) D:4            Lair (0/6) D:8
    Orc (2/2) D:10            Elf (0/3) Orc:2        Bailey (visited)

Altars:
Ashenzari
Cheibriados
Dithmenos
Elyvilon
Fedhas
Gozag
Hepliaklqana
Kikubaaqudgha
Makhleb
Nemelex Xobeh
Okawaru
Qazlal
Ru
Sif Muna
Trog
Uskayaw
Vehumet
Wu Jian
Xom
Yredelemnul
Zin
The Shining One

Shops:
D:2 ?   D:5 (:   D:7 =   D:9 *

Annotations:
D:10 exclusion: downstairs


Innate Abilities, Weirdness & Mutations

You have very sharp teeth.
You cannot be stealthy.
You have somewhat slow reflexes. (EV -5)
Your casting is slightly disrupted.
Your uncanny sense of smell can sniff out nearby items.
Your experience applies equally to all skills.


Message History

You focus your inner power and illuminate the orc warrior in retribution!
You redirect the orc warrior's attack!
The orc warrior closely misses itself.
The orc warrior unwields a +0 broad axe.
The orc warrior wields a +0 arbalest.
The orc warrior shoots a bolt.
The bolt hits you.
Unknown command.
Unknown command.
Unknown command.
Unknown command.
You slash the orc warrior! You bite the orc warrior!
The orc warrior is almost dead.
The orc warrior stops glowing.
The orc warrior hits you with a +0 great mace.
The orc warrior unwields a +0 broad axe.
The orc warrior wields a +0 arbalest.
The orc warrior shoots a bolt.
The bolt closely misses you.
The bolt misses the orc warrior.
The bolt hits the orc warrior!
You hear a shout! x2
Unknown command.
Unknown command.
Unknown command.
You slice the orc warrior!!
You kill the orc warrior!
The orc warrior hits you with a +0 great mace!
* * * LOW HITPOINT WARNING * * *
You block the orc warrior's attack.
The orc warrior shoots a bolt.
You block the bolt.
The orc warrior shoots a bolt.
The bolt hits you!
* * * LOW HITPOINT WARNING * * *
Unknown command.
You feel much better.
The orc warrior hits you with a +0 great mace!
* * * LOW HITPOINT WARNING * * *
The orc warrior barely misses you.
The orc warrior shoots a bolt.
The bolt hits you!
* * * LOW HITPOINT WARNING * * *
The orc warrior unwields a +0 great mace.
The orc warrior wields a +0 arbalest.
The orc warrior shoots a bolt.
The bolt hits you!!
You die...

,,,****≈≈≈≈.....#...#............
,∩,,,,,,,,..........#............
,∩,,,,,oo.o......................
,,,****≈≈≈≈.o)oo#...#.$..........
*∩****≈≈≈≈...ooc#..###.#.........
****≈≈≈≈........)).###..........<
* *≈≈≈,.........#).##............
* *≈≈,,,,......##oo###...........
***,,,*#..##..##@)o##............
,,,,,^,.......o..o##.............
,,,,,,,..........####.#..........
,,,,*,*########### ##...........
,,,,,,,** #............ ,*,,,,,,*
*#............ ****,,,,*
**,,,,,,,,,,,,, *,,,,**
**,,,,,,,,,,,,,, **,***
**,,,,,,,,,,,,,**


You could see 5 orc warriors.

Vanquished Creatures
  An orc knight (D:10)
  A cyclops (D:11)
  2 ugly things (D:11)
  2 centaur zombies
  6 trolls
  A shadow (D:9)
  Sigmund (D:6)
  3 wyverns
  A yak (D:8)
  A wraith (D:11)
  Menkaure (D:7)
  A steam dragon (D:10)
  Duvessa (D:6)
  10 orc warriors
  A hornet zombie (D:7)
  A necrophage (D:7)
  3 black bears (D:8)
  An ogre (D:6)
  9 centaurs
  A phantom (D:4)
  8 kobold brigands
  A wyvern zombie (D:6)
  5 bullfrogs
  A gnoll sergeant (D:7)
  2 scorpions
  Dowan (D:6)
  A vampire bat (D:5)
  2 howler monkeys (D:8)
  A crimson imp (D:7)
  A bullfrog zombie (D:5)
  5 orc priests
  2 hounds
  3 jellies
  Crazy Yiuf (D:3)
  A bullfrog skeleton (D:6)
  A centaur skeleton (D:5)
  Terence (D:3)
  3 iguanas
  5 orc wizards
  A hound zombie (D:5)
  A howler monkey zombie (D:7)
  A howler monkey skeleton (D:7)
  5 gnolls (D:7)
  5 adders
  2 shadow imps
  A white imp (D:7)
  An ufetubus (D:6)
  2 worms
  4 dart slugs
  19 orcs
  9 ball pythons
  6 endoplasms
  3 giant cockroaches
  13 goblins
  4 hobgoblins
  7 jackals
  2 quokkas
  14 bats
  2 frilled lizards
  15 kobolds
  4 rats
214 creatures vanquished.

Vanquished Creatures (others)
  An orc (Orc:2)
1 creature vanquished.

Grand Total: 215 creatures vanquished

Notes
Turn   | Place    | Note
-------+----------+-------------------------------------------
     0 | D:1      | Riddle the Gnoll Fighter began the quest for the Orb.
     0 | D:1      | Reached XP level 1. HP: 23/23 MP: 1/1
    69 | D:1      | Reached XP level 2. HP: 29/29 MP: 2/2
   899 | D:2      | Reached XP level 3. HP: 35/35 MP: 3/3
   957 | D:2      | Identified the +1 ring mail "Inirul" {rN+ rCorr Int-4}
  1221 | D:2      | Reached skill level 1 in Invocations
  1369 | D:2      | Found Jotak's Magic Scroll Boutique.
  1374 | D:2      | Reached skill level 1 in Short Blades
  1374 | D:2      | Reached skill level 1 in Long Blades
  1374 | D:2      | Reached skill level 1 in Maces & Flails
  1374 | D:2      | Reached skill level 1 in Polearms
  1374 | D:2      | Reached skill level 1 in Staves
  1374 | D:2      | Reached skill level 1 in Slings
  1374 | D:2      | Reached skill level 1 in Bows
  1374 | D:2      | Reached skill level 1 in Crossbows
  1374 | D:2      | Reached skill level 1 in Throwing
  1374 | D:2      | Reached skill level 1 in Dodging
  1374 | D:2      | Reached skill level 1 in Stealth
  1374 | D:2      | Reached skill level 1 in Unarmed Combat
  1374 | D:2      | Reached skill level 1 in Spellcasting
  1374 | D:2      | Reached skill level 1 in Evocations
  1532 | D:3      | Reached XP level 4. HP: 36/41 MP: 5/5
  1541 | D:3      | Reached skill level 1 in Conjurations
  1541 | D:3      | Reached skill level 1 in Hexes
  1541 | D:3      | Reached skill level 1 in Summonings
  1541 | D:3      | Reached skill level 1 in Necromancy
  1541 | D:3      | Reached skill level 1 in Translocations
  1541 | D:3      | Reached skill level 1 in Transmutations
  1541 | D:3      | Reached skill level 1 in Fire Magic
  1541 | D:3      | Reached skill level 1 in Ice Magic
  1541 | D:3      | Reached skill level 1 in Air Magic
  1541 | D:3      | Reached skill level 1 in Earth Magic
  1541 | D:3      | Reached skill level 1 in Poison Magic
  1542 | D:3      | Reached XP level 5. HP: 14/47 MP: 6/6
  1776 | D:3      | Noticed Terence
  1789 | D:3      | Killed Terence
  2698 | D:3      | Found a runed translucent door.
  2699 | D:3      | Noticed Crazy Yiuf
  2935 | D:3      | Killed Crazy Yiuf
  3194 | D:4      | Reached XP level 6. HP: 45/53 MP: 8/8
  3276 | D:4      | Found a staircase to the Ecumenical Temple.
  3289 | D:4      | Reached skill level 5 in Axes
  3506 | Temple   | Entered the Ecumenical Temple
  3597 | Temple   | Became a worshipper of Ru the Awakened
  4067 | D:5      | Entered Level 5 of the Dungeon
  4128 | D:5      | Reached XP level 7. HP: 53/59 MP: 10/10
  4631 | D:5      | Found Hotut's Antique Weapon Boutique.
  4686 | D:5      | Found Noreekae's Book Shoppe.
  5229 | D:6      | Gained mutation: You cannot be stealthy. [Ru sacrifice]
  5408 | D:6      | Reached XP level 8. HP: 29/67 MP: 12/12
  5812 | D:6      | Noticed Sigmund
  5830 | D:6      | Killed Sigmund
  6155 | D:6      | Noticed Duvessa
  6155 | D:6      | Noticed Dowan
  6178 | D:6      | Killed Duvessa
  6191 | D:6      | Killed Dowan
  6617 | D:7      | Noticed Menkaure
  6625 | D:7      | Killed Menkaure
  7000 | D:7      | Reached XP level 9. HP: 72/72 MP: 14/14
  7341 | D:7      | Found Neun's Jewellery Shop.
  7933 | D:8      | Found a staircase to the Lair.
  8508 | D:8      | Reached skill level 5 in Invocations
  8626 | D:8      | Gained mutation: Your casting is slightly disrupted. [Ru
                  | sacrifice]
  8626 | D:8      | Reached * piety under Ru
  8990 | D:8      | Reached XP level 10. HP: 46/80 MP: 17/17
  9481 | D:9      | Reached skill level 5 in Short Blades
  9481 | D:9      | Reached skill level 5 in Long Blades
  9481 | D:9      | Reached skill level 5 in Maces & Flails
  9481 | D:9      | Reached skill level 5 in Polearms
  9481 | D:9      | Reached skill level 5 in Staves
  9481 | D:9      | Reached skill level 5 in Slings
  9481 | D:9      | Reached skill level 5 in Bows
  9481 | D:9      | Reached skill level 5 in Crossbows
  9481 | D:9      | Reached skill level 5 in Throwing
  9481 | D:9      | Reached skill level 5 in Dodging
  9481 | D:9      | Reached skill level 5 in Unarmed Combat
  9481 | D:9      | Reached skill level 5 in Spellcasting
  9481 | D:9      | Reached skill level 5 in Evocations
  9490 | D:9      | Identified the +5 long sword of Vengeance {drain, rPois rN+
                  | Str-2 Dex+8}
  9981 | D:9      | Found Qebamuuv's General Store.
 10178 | D:10     | Entered Level 10 of the Dungeon
 10183 | D:10     | Identified a scroll of acquirement
 10183 | D:10     | Acquired the +4 helmet of the Wumpus {rN+ Str+3 Dex+2
                  | Stlth+}
 10290 | D:10     | Found a flagged portal.
 10303 | Bailey   | Entered a bailey
 10667 | Bailey   | Found an iron altar of Okawaru.
 10834 | D:10     | Found a staircase to the Orcish Mines.
 10901 | D:10     | Found a hide-covered altar of Uskayaw.
 11857 | D:11     | Noticed a two-headed ogre
 11879 | D:11     | Noticed a cyclops
 11887 | D:11     | Killed a cyclops
 11900 | D:11     | Reached XP level 11. HP: 50/87 MP: 19/19
 12136 | D:11     | Noticed a purple ugly thing
 12169 | D:11     | Killed a purple ugly thing
 12175 | D:11     | Gained mutation: You have somewhat slow reflexes. (EV -5)
                  | [Ru sacrifice]
 12175 | D:11     | Reached ** piety under Ru
 12209 | D:11     | Noticed a red ugly thing
 12218 | D:11     | Killed a red ugly thing
 12219 | D:11     | Reached skill level 5 in Conjurations
 12219 | D:11     | Reached skill level 5 in Hexes
 12219 | D:11     | Reached skill level 5 in Summonings
 12219 | D:11     | Reached skill level 5 in Necromancy
 12219 | D:11     | Reached skill level 5 in Translocations
 12219 | D:11     | Reached skill level 5 in Transmutations
 12219 | D:11     | Reached skill level 5 in Fire Magic
 12219 | D:11     | Reached skill level 5 in Ice Magic
 12219 | D:11     | Reached skill level 5 in Air Magic
 12219 | D:11     | Reached skill level 5 in Earth Magic
 12219 | D:11     | Reached skill level 5 in Poison Magic
 12592 | D:11     | Noticed a manticore
 13025 | Orc:1    | Entered Level 1 of the Orcish Mines
 13025 | Orc:1    | Noticed an orc knight
 13347 | D:10     | Killed an orc knight
 13488 | D:10     | Found a hide-covered altar of Uskayaw.
 14612 | Orc:2    | Entered Level 2 of the Orcish Mines
 14644 | Orc:2    | Noticed an orc knight
 14653 | Orc:2    | Shot with a bolt by an orc warrior

Illustrated notes

Levels and vault maps discovered:
D:1:      dpeg_arrival_boxes_within_box, layout_rooms
D:2:      layout_rooms, serial_shops, nicolae_shop_stone
D:3:      layout_loops_cross, dk_noncrumbling_3, nrook_mini_backslash,
          chequers_serial_rivers_room_a, uniq_terence, uniq_crazy_yiuf_cottage
D:4:      minmay_recursive_quarters, layout_basic, minmay_temple_entry_slanted
D:5:      layout_basic, serial_shops, nicolae_shop_behind_doors,
          roderic_batcave, minmay_shop_grid_forest
D:6:      layout_gridville, serial_glass, glass_columns_a, glass_columns_b,
          uniq_duvessa, uniq_sigmund
D:7:      layout_loops_corners, serial_shops, shop, minmay_fire_ice_demons,
          uniq_menkaure
D:8:      layout_gridville, david_lair_generic
D:9:      layout_rooms, serial_shops, nicolae_shop_crystal
D:10:     layout_layer_cave, mainiacjoe_overflow_surrounded_room, enter_bailey_5
D:11:     nicolae_whirlpool, layout_long_grid, minmay_diced_spiral
Temple:   grunt_wide_crystal_templ
Orc:1:    layout_caves
Orc:2:    st_orc_rangers, layout_caves, gauntlet_entry_generic,
          minmay_orc_temple_a

Skill      XL: |  1  2  3  4  5  6  7  8  9 10 11 |
---------------+----------------------------------+-----
Invocations    | 1 2 3 4 5 6 |  6.9
Short Blades   | 1 2 3 4 5 6 |  6.3
Long Blades    | 1 2 3 4 5 6 |  6.3
Maces & Flails | 1 2 3 4 5 6 |  6.3
Polearms       | 1 2 3 4 5 6 |  6.3
Staves         | 1 2 3 4 5 6 |  6.3
Slings         | 1 2 3 4 5 6 |  6.3
Bows           | 1 2 3 4 5 6 |  6.3
Crossbows      | 1 2 3 4 5 6 |  6.3
Throwing       | 1 2 3 4 5 6 |  6.3
Dodging        | 1 2 3 4 5 6 |  6.3
Stealth        | 1 2 0 |  0.0
Unarmed Combat | 1 2 3 4 5 6 |  6.3
Spellcasting   | 1 2 3 4 5 6 |  6.3
Evocations     | 1 2 3 4 5 6 |  6.3
Conjurations   | 1 2 3 4 5 |  5.2
Hexes          | 1 2 3 4 5 |  5.2
Summonings     | 1 2 3 4 5 |  5.2
Necromancy     | 1 2 3 4 5 |  5.2
Translocations | 1 2 3 4 5 |  5.2
Transmutations | 1 2 3 4 5 |  5.2
Fire Magic     | 1 2 3 4 5 |  5.2
Ice Magic      | 1 2 3 4 5 |  5.2
Air Magic      | 1 2 3 4 5 |  5.2
Earth Magic    | 1 2 3 4 5 |  5.2
Poison Magic   | 1 2 3 4 5 |  5.2
Axes           | 5 6 7 |  7.9
Fighting       | 7 8 9 |  9.2
Armour         | 7 8 9 |  9.2
Shields        | 7 8 9 |  9.2

Action                   |  1- 3 |  4- 6 |  7- 9 | 10-12 || total
-------------------------+-------+-------+-------+-------++-------
Melee: War axe           |    99 |    73 |       |       ||   172
       Bite              |     6 |     6 |    38 |    26 ||    76
       Whip              |       |    89 |   367 |    20 ||   476
       Long sword        |       |       |       |   168 ||   168
Invok: Sacrifice Stealth |       |       |     1 |       ||     1
       Sacrifice Essence |       |       |     1 |       ||     1
       Sacrifice Health  |       |       |       |     1 ||     1
  Use: Scroll            |       |       |     5 |    12 ||    17
       Potion            |       |       |     1 |     2 ||     3
 Stab: Sleeping          |       |     1 |       |       ||     1
       Invisible         |       |       |       |     1 ||     1
Armor: Scale mail        |    29 |       |       |       ||    29
       Ring mail         |    24 |    64 |   130 |   114 ||   332
Dodge: Dodged            |    40 |    76 |   178 |   144 ||   438
Block: Buckler           |    16 |    48 |    99 |   108 ||   271
